 Dungeon Crawl Stone Soup version 0.23.2-1-ga50397a (webtiles) character file.

Game seed: 11847489103957522022

84 Mesmaeker13 the Sneak (level 4, -1/28 HPs)
             Began as a Kobold Assassin on May 30, 2019.
             Slain by a leopard gecko (4 damage)
             ... on level 2 of the Dungeon.
             The game lasted 00:06:02 (2928 turns).

Mesmaeker13 the Sneak (Kobold Assassin)             Turns: 2928, Time: 00:06:02

Health: -1/28      AC:  3    Str:  8    XL:     4   Next: 74%
Magic:  4/4        EV: 15    Int: 13    God:
Gold:   73         SH:  0    Dex: 16    Spells: 3/3 levels left

rFire    . . .     SeeInvis .   q - +0 falchion (slice)
rCold    . . .     Gourm    .   (shield restricted)
rNeg     . . .     Faith    .   c - +0 robe
rPois    .         Spirit   .   (no helmet)
rElec    .         Reflect  .   d - +0 cloak
rCorr    .         Harm     .   (no gloves)
MR       .....                  (no boots)
Stlth    +++.......             (no amulet)
HPRegen  0.09/turn              (no ring)
MPRegen  0.09/turn              (no ring)

@: no status effects
A: small, carnivore
a: no special abilities


You were on level 2 of the Dungeon.
You were very full.

You visited 1 branch of the dungeon, and saw 3 of its levels.

You collected 73 gold pieces.

Inventory:

Hand Weapons
 a - a +2 dagger
 b - a +0 blowgun
 q - a +0 falchion of slicing (weapon)
Missiles
 e - 8 poisoned needles
 f - 2 curare-tipped needles
Armour
 c - a +0 robe (worn)
 d - a +0 cloak (worn)
Scrolls
 i - a scroll of enchant armour {unknown}
 j - a scroll of blinking {unknown}
 k - a scroll of fear
 l - a scroll of immolation {unknown}
 n - a scroll of amnesia {unknown}
 o - a scroll of magic mapping {unknown}
 r - a scroll of fog
Potions
 h - a potion of agility
 m - a potion of flight {unknown}
 p - a potion of heal wounds {unknown}
 u - a potion of curing {unknown}
Comestibles
 g - a ration


   Skills:
 - Level 3.0 Fighting
 + Level 3.8 Short Blades
 - Level 2.1 Throwing
 + Level 2.6 Dodging
 + Level 6.1 Stealth


You had 3 spell levels left.
You didn't know any spells.
Your spell library was empty.

Dungeon Overview and Level Annotations

Branches:
Dungeon (3/15)

Altars:
Zin


Innate Abilities, Weirdness & Mutations

You are small and have problems with some larger weapons.
You are carnivorous and can eat meat at any time.


Message History

The leopard gecko bites you.
You hit the orc but do no damage. The orc hits you with a +0 falchion.
You closely miss the orc. The orc misses you.
You riposte.
You hit the orc but do no damage. You hit the orc.
The orc is almost dead.
The orc hits you with a +0 falchion.
* * * LOW HITPOINT WARNING * * *
The orc misses you.
You riposte.
You hit the orc but do no damage.
The orc is almost dead.
You barely miss the orc.
The orc is almost dead.
The orc hits you with a +0 falchion.
* * * LOW HITPOINT WARNING * * *
You hit the orc.
You kill the orc!
You miss the leopard gecko. The leopard gecko bites you.
* * * LOW HITPOINT WARNING * * *
The leopard gecko bites you.
You die...

###### #### #....###..# #####
♣♣.♣♣.#.>..####...# #####
♣...♣...[..l@...#.###...#
♣...♣....#.##.........#†#
♣..P♣.................#.#
#♣♣.♣♣.......#.........#.# ##
#............#........##.# .#
#.........##♣#♣.♣.♣...##.# .#
#.....................##.# .#
#...........♣.♣.♣.♣...##.#
.###....#....###..(......##.#


You could see a leopard gecko.

Vanquished Creatures
  An adder (D:2)
  A worm (D:1)
  2 dart slugs (D:2)
  A leopard gecko (D:2)
  3 orcs (D:2)
  11 giant cockroaches
  6 goblins
  8 hobgoblins
  9 kobolds
  2 quokkas (D:2)
  A ball python (D:2)
  6 bats
  4 frilled lizards
  2 rats
57 creatures vanquished.

Notes
Turn   | Place    | Note
-------+----------+-------------------------------------------
     0 | D:1      | Mesmaeker13 the Kobold Assassin began the quest for the
                  | Orb.
     0 | D:1      | Reached XP level 1. HP: 12/12 MP: 1/1
   263 | D:1      | Reached XP level 2. HP: 14/18 MP: 2/2
   765 | D:1      | Reached XP level 3. HP: 13/22 MP: 3/3
  1712 | D:2      | Reached XP level 4. HP: 27/27 MP: 4/4
  2010 | D:2      | Found a glowing silver altar of Zin.
  2092 | D:2      | Reached skill level 6 in Stealth
  2928 | D:2      | Slain by a leopard gecko

Skill      XL: |  1  2  3  4 |
---------------+-------------+-----
Short Blades   | 3 |  3.8
Dodging        | 2 |  2.6
Fighting       | 3 |  3.0
Stealth        | 6 |  6.1
Throwing       | |  2.1

Action                   |  1- 3 |  4- 6 || total
-------------------------+-------+-------++-------
Melee: Dagger            |   119 |    94 ||   213
       Falchion          |       |    14 ||    14
 Fire: Blowgun           |     6 |     1 ||     7
  Use: Scroll            |     1 |     3 ||     4
 Stab: Sleeping          |    10 |     2 ||    12
  Eat: Chunk             |    11 |     3 ||    14
Armor: Robe              |    17 |    21 ||    38
Dodge: Dodged            |    66 |    91 ||   157
       Rpst.: Falchion   |       |     6 ||     6
